 Dungeon Crawl Stone Soup version 0.29.1-2-gbd0b4ee654 (webtiles) character file.

Game seed: 8198750920051668007

3518 concernfroge the Fighter (level 9, -1/78 HPs)
             Began as a Mummy Monk on Nov 22, 2022.
             Was an Initiate of Gozag.
             Engulfed by a steam dragon's steam (23 damage)
             ... on level 7 of the Dungeon.
             The game lasted 00:22:31 (7763 turns).

concernfroge the Fighter (Mummy Monk)               Turns: 7763, Time: 00:22:32

Health: -1/78      AC: 16    Str: 24    XL:     9   Next: 81%
Magic:  9/9        EV:  5    Int: 10    God:    Gozag
Gold:   122        SH:  7    Dex: 14    Spells: 8/8 levels left

rFire   x . .      SeeInvis .   b - +0 morningstar
rCold   + + .      Faith    .   u - +0 kite shield
rNeg    + + +      Spirit   .   v - +0 plate armour
rPois   ∞          Reflect  .   a - +1 helmet
rElec   .          Harm     .   p - +1 cloak
rCorr   .          Rampage  .   j - +0 pair of gloves
Will    +....                   q - +0 pair of boots
Stlth   ..........              (no amulet)
HPRegen 0.23/turn               h - ring of protection from cold
MPRegen 0.11/turn               r - +6 ring of strength

@: no status effects
A: cold resistance 1, negative energy resistance 3, torment resistance 2, heat
vulnerability 1, in touch with death 1, no potions
a: Renounce Religion, Potion Petition, Call Merchant, Bribe Branch


You were on level 7 of the Dungeon.
You worshipped Gozag.
Gozag was aware of your devotion.
You visited 2 branches of the dungeon, and saw 8 of its levels.

You collected 297 gold pieces.
You spent 175 gold pieces at shops.

Inventory:

Hand Weapons
 b - a +0 morningstar (weapon)
Missiles
 e - 10 poisoned darts (quivered)
 f - 2 javelins
Armour
 a - a +1 helmet (worn)
 j - a +0 pair of gloves (worn)
 p - a +1 cloak (worn)
 q - a +0 pair of boots (worn)
 u - a +0 kite shield (worn)
 v - a +0 plate armour (worn)
Jewellery
 h - a ring of protection from cold (left hand)
 l - a ring of flight
 r - a +6 ring of strength (right hand)
Wands
 d - a wand of mindburst (6)
 i - a wand of polymorph (9)
 m - a wand of digging (3)
 t - a wand of acid (13)
Scrolls
 c - 2 scrolls of teleportation
 g - 3 scrolls of vulnerability
 k - a scroll of summoning
 n - a scroll of poison
 o - a scroll of noise
 s - a scroll of torment {unknown}
 w - a scroll of enchant weapon {unknown}


   Skills:
 - Level 10.0 Fighting
 + Level 8.8 Maces & Flails
 - Level 2.4 Polearms
 - Level 2.4 Dodging
 - Level 1.5 Stealth


You had 8 spell levels left.
You didn't know any spells.
Your spell library contained the following spells:

 Spells                   Type           Power      Damage    Failure   Level
 Sting                    Tmut/Pois      0%         1d3       100%        1
 Poisonous Vapours        Pois/Air       0%         N/A       100%        2
 Call Canine Familiar     Summ           0%         N/A       100%        3
 Confusing Touch          Hex            0%         N/A       100%        3
 Dazzling Flash           Conj/Hex       0%         N/A       100%        3
 Portal Projectile        Hex/Tloc       0%         N/A       100%        3
 Stone Arrow              Conj/Erth      0%         3d7       100%        3
 Animate Armour           Summ/Erth      0%         N/A       100%        4
 Iskenderun's Mystic Bla  Conj/Tloc      0%         2d3       100%        4
 Leda's Liquefaction      Hex/Erth       0%         N/A       100%        4
 Olgreb's Toxic Radiance  Pois           0%         N/A       100%        4
 Yara's Violent Unravell  Hex/Tmut       0%         3d3       100%        5
 Starburst                Conj/Fire      0%         6d3       100%        6
 Enfeeble                 Hex            0%         N/A       100%        7
 Summon Hydra             Summ           0%         N/A       100%        7
 Lehudib's Crystal Spear  Conj/Erth      0%         10d2      100%        8
 Sublimation of Blood     Necr           Unusable   N/A       N/A         2
 Wereblood                Tmut           Unusable   N/A       N/A         2

Dungeon Overview and Level Annotations

Branches:
Dungeon (7/15)             Temple (1/1) D:7

Altars:
Ashenzari
Cheibriados
Dithmenos
Gozag
Hepliaklqana
Kikubaaqudgha
Nemelex Xobeh
Okawaru
Qazlal
Ru
Sif Muna
Uskayaw
Vehumet
Wu Jian
Xom

Shops:
D:1 [[   D:5 *

Annotations:
D:3 3 runed translucent doors, Icepheonix32's ghost, amateur OpTm; Jingleheimer's ghost, amateur TrFi; sanboga's ghost, amateur OgBe


Innate Abilities, Weirdness & Mutations

You are immune to poison.
Your flesh is cold resistant. (rC+)
You are immune to negative energy. (rN+++)
You are immune to unholy pain and torment.
You are vulnerable to heat. (rF-)
You are in touch with the powers of death.
You do not drink.


Message History

There is an open door here.
A steam dragon comes into view.
The steam dragon hisses angrily.
You block the steam dragon's attack.
The steam dragon claws you but does no damage.
You closely miss the steam dragon.
The steam dragon bites you but does no damage.
The steam dragon completely misses you.
You hit the steam dragon but do no damage.
The steam dragon breathes steam at you. The ball of steam hits you!!
The steam scalds you terribly!
You puncture the steam dragon!
The steam dragon is moderately wounded.
You are engulfed in a cloud of scalding steam.
The steam dragon bites you but does no damage.
The steam dragon barely misses you.
You barely miss the steam dragon.
The steam dragon is moderately wounded.
The steam dragon bites you but does no damage.
The steam dragon claws you. The steam dragon breathes steam at you.
The ball of steam hits you!! The steam scalds you terribly!
You are too injured to fight recklessly!
You are too injured to fight recklessly!
Unknown command.
You hit the steam dragon but do no damage.
The steam dragon is moderately wounded.
You are engulfed in a cloud of scalding steam.
The steam dragon bites you but does no damage.
The steam dragon claws you but does no damage.
You hit the steam dragon.
The steam dragon is heavily wounded.
You are engulfed in a cloud of scalding steam.
You block the steam dragon's attack. The steam dragon claws you.
* * * LOW HITPOINT WARNING * * *
You puncture the steam dragon!
The steam dragon is almost dead.
You are engulfed in a cloud of scalding steam.
You die...
Your body crumbles into a pile of gold.

$#..........#....#...#
#####+###+###'#####....#######
..........................##.##
..........................#...#
..........................#...#
..........................#'###
........################......##
####....#..............#........
#....#...§..@D......+......##
#....#'###..##..#####......##
#####....#..# ###....####...
#...[#.... #....#......
#....#..... #....'......
#....#########....##...##
##..... ...........##+.##
#.................#.....
#.................#..#..


You could see a steam dragon (catching breath).

Vanquished Creatures
  Pikel (D:7)
  Grinder (D:3)
  2 black bears
  A sky beast (D:7)
  4 ice beasts
  A hornet zombie (D:7)
  An ogre (D:5)
  A centaur (D:6)
  3 phantoms
  A lemure (D:7)
  2 bullfrogs (D:7)
  2 necrophages (D:4)
  6 scorpions
  4 wights (D:6)
  2 howler monkeys
  A centaur zombie (D:7)
  13 hounds
  A jelly (D:4)
  A gnoll bouda (D:5)
  Natasha (D:2)
  An iguana (D:5)
  Ijyb (D:3)
  A howler monkey zombie (D:7)
  Robin (D:3)
  5 gnolls (D:5)
  7 adders
  2 white imps
  An ufetubus (D:4)
  4 worms
  12 dart slugs
  8 orcs
  7 bats
  10 endoplasms
  2 giant cockroaches (D:1)
  17 goblins
  7 hobgoblins
  5 jackals
  3 kobolds
  5 quokkas
  7 ball pythons
  5 frilled lizards
  3 rats
163 creatures vanquished.

Notes
Turn   | Place    | Note
-------+----------+-------------------------------------------
     0 | D:1      | concernfroge the Mummy Monk began the quest for the Orb.
     0 | D:1      | Reached XP level 1. HP: 18/18 MP: 1/1
   231 | D:1      | Found Cayday's Armour Emporium.
   240 | D:1      | Reached XP level 2. HP: 24/24 MP: 2/2
   373 | D:1      | Found Zoasum's Armour Emporium.
   572 | D:1      | Reached skill level 4 in Fighting
   852 | D:2      | Gained mutation: You are in touch with the powers of death.
                  | [Mummy growth]
   852 | D:2      | Reached XP level 3. HP: 30/30 MP: 3/3
  1514 | D:2      | Reached XP level 4. HP: 37/38 MP: 4/4
  1525 | D:2      | Reached skill level 5 in Fighting
  1818 | D:3      | Found a faded altar of an unknown god.
  1934 | D:2      | Noticed Natasha
  1945 | D:2      | Killed Natasha
  2237 | D:3      | Noticed Ijyb
  2246 | D:3      | Noticed Robin
  2267 | D:3      | Killed Robin
  2268 | D:3      | Reached XP level 5. HP: 20/46 MP: 5/5
  2499 | D:3      | Killed Ijyb
  2500 | D:3      | Reached skill level 6 in Fighting
  2771 | D:3      | Noticed Grinder
  2782 | D:3      | Paralysed by Grinder for 4 turns
  2789 | D:3      | Paralysed by Grinder for 3 turns
  2796 | D:3      | Killed Grinder
  2797 | D:3      | Reached skill level 7 in Fighting
  2797 | D:3      | Reached XP level 6. HP: 38/55 MP: 6/6
  3021 | D:3      | Found a runed translucent gate.
  3021 | D:3      | Found a runed translucent gate.
  3021 | D:3      | Found a runed translucent gate.
  3021 | D:3      | Noticed Jingleheimer's ghost (amateur TrFi)
  3021 | D:3      | Noticed sanboga's ghost (amateur OgBe)
  3022 | D:3      | Noticed Icepheonix32's ghost (amateur OpTm)
  3463 | D:1      | Bought a +1 cloak for 126 gold pieces
  3468 | D:1      | Bought a +0 chain mail for 49 gold pieces
  3641 | D:4      | Reached skill level 8 in Fighting
  3641 | D:4      | Reached XP level 7. HP: 53/62 MP: 7/7
  3889 | D:4      | Reached skill level 9 in Fighting
  3981 | D:4      | Found a radiant altar of Vehumet.
  4396 | D:5      | Entered Level 5 of the Dungeon
  4455 | D:5      | Reached skill level 10 in Fighting
  4455 | D:5      | Reached XP level 8. HP: 59/72 MP: 8/8
  4572 | D:5      | Reached skill level 1 in Maces & Flails
  5223 | D:5      | Found Yrpho's Neck Hole.
  5244 | D:5      | Identified the +0 leather armour "Seag" {rN+}
  5854 | D:6      | Reached skill level 5 in Maces & Flails
  5877 | D:6      | Reached XP level 9. HP: 55/78 MP: 9/9
  5898 | D:6      | Identified the +2 scale mail "Olunk" {Rampage rC- rN+}
  6740 | D:6      | Noticed an angel
  7208 | D:7      | Noticed Pikel
  7217 | D:7      | Killed Pikel
  7242 | D:7      | Found a staircase to the Ecumenical Temple.
  7257 | Temple   | Entered the Ecumenical Temple
  7693 | Temple   | Became a worshipper of Gozag Ym Sagoz the Greedy
  7763 | D:7      | Engulfed by a steam dragon's steam

Illustrated notes

Levels and vault maps discovered:
D:1:      wander_arrival_estate, layout_basic, serial_shops, shop,
          nicolae_shop_statue_plus, minmay_misc_feat_nine_boxes
D:2:      minmay_general_purpose_star, layout_loops_cross,
          chequers_serial_rivers_micro_a, uniq_natasha
D:3:      kennysheep_slugbush, layout_loops_ring, nicolae_ecumenical_pavilion,
          gammafunk_ghost_cemetery, grunt_decor_cap, hex_tiny,
          minmay_stone_trees_small, minivault_4, uniq_robin, uniq_ijyb,
          uniq_grinder
D:4:      layout_cave_pools, nicolae_vehumet_radiance
D:5:      layout_rooms, corexii_checkpoint_b, nicolae_shop_sticking_my_neck_out
D:6:      layout_rooms, zin_angel, st_stairs_5, nicolae_benzene_ring
D:7:      layout_gridville, nicolae_yredelemnul_corpse_copse,
          minmay_temple_entry_stoned_glass, uniq_pikel
Temple:   compressed_dpeg_triangle_lava_temple

Skill      XL: |  1  2  3  4  5  6  7  8  9 |
---------------+----------------------------+-----
Fighting       | 4 5 7 8 10 | 10.0
Maces & Flails | 5 8 |  8.8
Polearms       | |  2.4
Dodging        | |  2.4
Stealth        | |  1.5

Action                   |  1- 3 |  4- 6 |  7- 9 || total
-------------------------+-------+-------+-------++-------
Melee: Spear             |    85 |       |       ||    85
       Punch             |     1 |       |       ||     1
       Morningstar       |    42 |   121 |   425 ||   588
Throw: Dart              |     3 |     6 |     7 ||    16
Evoke: Wand              |       |     1 |       ||     1
  Use: Scroll            |       |     4 |     3 ||     7
 Stab: Sleeping          |     5 |       |       ||     5
Armor: Robe              |     6 |       |       ||     6
       Ring mail         |    29 |    44 |       ||    73
       Scale mail        |       |     8 |       ||     8
       Chain mail        |       |    17 |   320 ||   337
       Plate armour      |       |       |   104 ||   104
Dodge: Dodged            |    78 |    65 |   140 ||   283
Block: Buckler           |     8 |    30 |    39 ||    77
       Kite shield       |       |       |    86 ||    86
